cohdb
Replays
Latest Replays
All Replays
Popular Replays
Top Player Replays
Match Explorer
How It Works
Community
CoH3 Stats
Reddit
Sign in to upload your games and track your stats! →
Sign in with Steam
Match 41253370
Unlisted
Match 41253370
Overview
Messages
Build Orders
End
Construct Section Command Post
Selects Canadian Shock Battlegroup
Selects Canadian Shock Battlegroup
Selects Canadian Shock Battlegroup
Selects Canadian Shock Battlegroup
Dingo Light Scout Car
Dingo Light Scout Car
Infantry Section
Infantry Section
Construct Platoon Command Post
Selects Burnout
Construct Company Command Post
Burnout
Selects Attacking Spirit
Selects Canadian Shock Section
Selects Pyrotechnics
Unlock M3 Grant Medium Tanks
Selects Attacking Spirit
Selects Canadian Shock Section
M3 Grant Medium Tank
M3 Grant Medium Tank
Armored Vehicle Training
Selects Smoke Operation
Burnout
Royal Engineer Section
M3 Grant Medium Tank
Smoke Operation
Cmplord
A2O
FocusFuelOrFaceMyWrath
Twixcy
insane
月夜笑猫
Hedgehog
Mihono Bourbon
0
0
Comments
sign in to comment!
No comments posted yet!